 Dungeon Crawl Stone Soup version 0.29.0-4-gdea44cf6ec (webtiles) character file.

Game seed: 868359812762346712

0 qw the Sneak (level 1, -3/14 HPs)
             Began as a Gargoyle Delver on Sept 10, 2022.
             Slain by a howler monkey (7 damage)
             ... on level 4 of the Dungeon.
             The game lasted 00:00:03 (57 turns).

qw the Sneak (Gargoyle Delver)                        Turns: 57, Time: 00:00:04

Health: -3/14      AC:  5    Str: 15    XL:     1   Next: 10%
Magic:  1/1        EV: 11    Int: 10    God:
Gold:   0          SH:  0    Dex: 11    Spells: 0/0 levels left

rFire   . . .      SeeInvis .   a - +0 hand axe
rCold   . . .      Faith    .   (no shield)
rNeg    + . .      Spirit   .   b - +0 leather armour
rPois   inf        Reflect  .   (no helmet)
rElec   +          Harm     .   (no cloak)
rCorr   .          Rampage  .   (no gloves)
Will    .....                   (no boots)
Stlth   +++.......              (no amulet)
HPRegen 0.04/turn               (no ring)
MPRegen 0.07/turn               (no ring)

@: no status effects
A: sickness immunity, AC +2, negative energy resistance 1, electricity
resistance, torment resistance 1, petrification resistance
a: no special abilities


You were on level 4 of the Dungeon.
You visited 1 branch of the dungeon, and saw 2 of its levels.


Innate Abilities, Weirdness & Mutations

You are immune to sickness and miasma.
Your stone body is resilient. (AC +2)
You are immune to poison.
You resist negative energy. (rN+)
You are resistant to electric shocks. (rElec)
You are resistant to unholy torment.
You are immune to petrification.


   Skills:
 - Level 3.2 Fighting
 + Level 1.8 Axes
 - Level 1.5 Dodging
 - Level 5.4 Stealth


You couldn't memorise any spells.
You didn't know any spells.
Your spell library was empty.

Inventory:

Hand Weapons
 a - a +0 hand axe (weapon)
Armour
 b - a +0 leather armour (worn)
Wands
 g - a wand of digging (3)
Potions
 f - a potion of haste

Dungeon Overview and Level Annotations

Branches:
Dungeon (5/15)
 Temple: D:4-7

Altars:
Nemelex Xobeh


Message History

The howler monkey is moderately wounded.
The howler monkey hoots and howls with incredible vigour!
The howler monkey misses you.
You hear a shout! x5; You hear a bark!
You closely miss the howler monkey.
The howler monkey is moderately wounded.
The howler monkey hits you.
You hit the howler monkey but do no damage.
The howler monkey is moderately wounded.
The howler monkey hits you.
You hit the howler monkey but do no damage.
The howler monkey is moderately wounded.
The howler monkey hits you but does no damage.
The howler monkey closely misses you.
An ogre comes into view. It is wielding a +0 giant club.
You hit the howler monkey.
The howler monkey is heavily wounded.
The howler monkey closely misses you.
You hit the howler monkey.
The howler monkey is heavily wounded.
The howler monkey barely misses you. The howler monkey closely misses you.
You hit the howler monkey but do no damage.
The howler monkey is heavily wounded.
The howler monkey hits you but does no damage.
You closely miss the howler monkey.
The howler monkey is heavily wounded.
The howler monkey barely misses you.
The howler monkey hoots and howls with incredible vigour!
The ogre barely misses you.
You hear an angry hiss.
You hear a shout!
You hear a bark! x2
You barely miss the howler monkey.
The howler monkey is heavily wounded.
You barely miss the ogre.
The howler monkey completely misses you.
You hit the howler monkey but do no damage.
The howler monkey is heavily wounded.
You barely miss the ogre. The howler monkey hits you!
Ouch! That really hurt!
You die...

..#.........
........... 7.
#.........## ..7
...........#...777
.............
...777
#........####..[...
#..>..#.........
####.##.#O......
#.....@h.7
#...##...7..7
....#. #...7 ....
....... #......._..
....... ##..77...[.


PP. ... #..7 7.7. ..#.... ##.. 7 #... #.. You could see an ogre and a howler
monkey.

Vanquished Creatures
  A goblin (D:4)
1 creature vanquished.

Vanquished Creatures (others)
  A bush (D:4)
  A plant (D:4)
2 creatures vanquished.

Grand Total: 3 creatures vanquished

Notes
Turn   | Place    | Note
-------+----------+-------------------------------------------
     0 | D:5      | qw the Gargoyle Delver began the quest for the Orb.
     0 | D:5      | Reached XP level 1. HP: 14/14 MP: 1/1
     0 | D:5      | 0 ||| qw: Version: 0.1-a-116-g5d60599
     0 | D:5      | 0 ||| qw: Game counter: 9426
     0 | D:5      | 0 ||| qw: Always use a shield: true
     0 | D:5      | 0 ||| qw: God list: Okawaru
     0 | D:5      | 0 ||| qw: Allow faded altars: false
     0 | D:5      | 0 ||| qw: Do Orc after D:15 true
     0 | D:5      | 0 ||| qw: Do second Lair branch before Depths: true
     0 | D:5      | 0 ||| qw: Lair rune preference: random
     0 | D:5      | 0 ||| qw: Plans: Normal
     0 | D:5      | 0 ||| PLANNING D:1-11
    17 | D:5      | 17 ||| DROPPING scroll of fog.
    18 | D:5      | 18 ||| DROPPING scroll of magic mapping.
    19 | D:5      | 19 ||| DROPPING scroll of fear.
    31 | D:4      | Noticed a howler monkey
    32 | D:4      | 32 ||| Stepping ~*~*~tactically~*~*~ (stealth).
    33 | D:4      | Found a sparkling altar of Nemelex Xobeh.
    34 | D:4      | 34 ||| Stepping ~*~*~tactically~*~*~ (stealth).
    35 | D:4      | 35 ||| Stepping ~*~*~tactically~*~*~ (stealth).
    51 | D:4      | Noticed an ogre
    57 | D:4      | Slain by a howler monkey

Levels and vault maps discovered:
D:4:      layout_rooms, mainiacjoe_overflow_small_starburst, lemuel_tele_altar,
          ebering_ghost_inner_flame, serial_forest, infiniplex_forest_end_3,
          infiniplex_forest_clump_medium, infiniplex_forest_clump_large,
          infiniplex_forest_clump_medium, infiniplex_forest_lined_3,
          infiniplex_forest_straight_2, infiniplex_forest_clump_double,
          infiniplex_forest_end_3
D:5:      layout_loops_cross, temple_green, gup_sewer_entry_bubbles,
          uniq_duvessa, uniq_prince_ribbit1, uniq_grinder

Action                   || total
-------------------------++-------
Melee: Hand axe          ||    12
Armor: Leather armour    ||     3
Dodge: Dodged            ||     8

Table legend:
 A = Non-vault XP
 B = Vault XP
 C = Vault XP percentage of total XP
 D = Non-vault monster count
 E = Vault monster count
 F = Vault count percentage of total count
                 A         B        C        D         E       F
            +---------+---------+-------+---------+---------+-------
      Total |       1 |       0 |   0.0 |       1 |       0 |   0.0
            +---------+---------+-------+---------+---------+-------
        D:4 |       1 |       0 |   0.0 |       1 |       0 |   0.0
            +---------+---------+-------+---------+---------+-------
